Map: Disco Bloodbath LE

Players

Namshar

  • Race: Zerg Zerg
  • Spawn Location: 3:00

TLO - Winner!

  • Race: Zerg Zerg
  • Spawn Location: 9:00

VOD

Have the link to the VOD?

Description

Time

  • Played on: Sept. 6, 2019, 4:15 p.m.
  • Length: 15:03
Show
View Real Time Build Order
Export as new Build Order

Namshar Zerg 

Build Orders: Hatch First 

Get SALT Encoding   

  12  0:00  Drone  
  13  0:12  Overlord  
  13  0:16  Drone  
  14  0:30  Drone x2  
  16  0:47  Hatchery  
  15  0:50  Drone  
  15  0:54  Drone  
  17  0:57  Drone  
  18  1:08  Extractor  
  17  1:13  Spawning Pool  
  17  1:16  Drone  
  17  1:18  Drone  
  18  1:28  Drone  
  19  1:38  Drone  
  20  1:49  Drone  
  21  1:58  Drone  
  21  1:59  Queen x2  
  21  2:00  Overlord  
  26  2:07  Metabolic Boost  
  26  2:09  Drone  
  26  2:10  Drone  
  28  2:20  Drone  
  28  2:21  Drone  
  30  2:31  Drone  
  30  2:32  Drone  
  30  2:36  Hatchery  
  31  2:42  Overlord, Drone  
  32  2:52  Drone  
  32  2:53  Drone  
  34  3:07  Zergling x2  
  34  3:08  Zergling x14  
  34  3:11  Baneling Nest  
  41  3:13  Evolution Chamber  
  41  3:16  Queen  
  42  3:20  Overlord  
  42  3:23  Drone  
  43  3:28  Overlord  
  43  3:29  Drone  
  44  3:40  Drone  
  44  3:41  Drone x3  
  48  3:44  Zerg Missile Weapons Level 1  
  47  3:50  Drone  
  47  3:51  Drone x3  
  47  3:54  Zergling x4  
  51  3:59  Zergling x2  
  51  4:01  Baneling  
  51  4:02  Baneling  
  52  4:08  Zergling x4  
  54  4:16  Baneling x2  
  54  4:18  Drone x5  
  59  4:27  Drone x4  
  59  4:28  Drone x2  
  59  4:29  Overlord x2, Extractor  
  59  4:30  Extractor  
  62  4:40  Drone x3  
  64  4:47  Overlord  
  64  4:48  Lair, Drone x5  
  69  4:55  Roach Warren  
  68  5:05  Zergling x12  
  70  5:07  Drone  
  70  5:08  Drone x2  
  70  5:09  Zergling x2  
  70  5:11  Pneumatized Carapace  
  74  5:19  Drone x4  
  74  5:20  Extractor  
  77  5:23  Extractor  
  76  5:31  Drone x7  
  81  5:41  Overlord  
  81  5:42  Extractor  
  80  5:43  Drone x3  
  80  5:46  Glial Reconstitution, Zerg Missile Weapons Level 2  
  80  5:48  Hatchery, Overseer  
  82  5:50  Overlord  
  82  6:03  Baneling x2  
  75  6:15  Drone x2  
  75  6:18  Roach x6  
  88  6:22  Queen x3  
  88  6:24  Infestation Pit  
  92  6:28  Roach x7  
  103  6:40  Drone x3  
  105  6:53  Drone x3  
  104  6:56  Drone, Spore Crawler  
  104  6:58  Queen  
  104  6:59  Spore Crawler  
  104  7:00  Queen  
  107  7:02  Spore Crawler  
  107  7:07  Tunneling Claws  
  108  7:09  Burrow  
  108  7:12  Overseer, Spore Crawler  
  108  7:13  Spore Crawler  
  106  7:20  Overlord x3  
  106  7:21  Overlord x2  
  106  7:22  Infestor x3  
  107  7:34  Queen  
  105  7:38  Queen  
  105  7:47  Spore Crawler  
  105  7:50  Roach  
  105  7:51  Roach x8  
  115  7:59  Spore Crawler  
  115  8:01  Spore Crawler  
  107  8:08  Roach x3  
  107  8:10  Queen  
  108  8:13  Queen  
  108  8:17  Drone x3  
  108  8:20  Queen  
  108  8:22  Roach  
  108  8:23  Roach x2  
  108  8:24  Roach  
  108  8:25  Roach x2  
  106  8:32  Pathogen Glands  
  106  8:40  Spore Crawler  
  105  8:42  Spore Crawler  
  105  8:46  Queen  
  106  8:49  Queen  
  106  8:53  Overlord  
  106  8:55  Queen  
  108  8:59  Drone x3, Roach x10  
  108  9:00  Drone  
  108  9:01  Drone x5, Roach x7  
  108  9:02  Drone  
  120  9:05  Hatchery  
  120  9:06  Spore Crawler  
  120  9:07  Spore Crawler  
  120  9:09  Roach  
  129  9:10  Roach x5  
  127  9:17  Infestor  
  127  9:18  Queen x5  
  127  9:21  Queen  
  127  9:23  Roach  
  129  9:25  Queen  
  129  9:26  Roach x2  
  124  9:34  Infestor x2  
  123  9:40  Infestor x2  
  109  10:07  Hatchery, Roach  
  109  10:12  Roach x2  
  108  10:16  Roach x6  
  114  10:21  Roach  
  114  10:22  Roach  
  120  10:28  Roach x2  
  120  10:30  Roach x3  
  120  10:31  Roach x8  
  120  10:35  Roach  
  122  10:40  Nydus Network  
  121  10:48  Roach  
  121  10:49  Roach  
  123  10:55  Roach x4  
  121  10:59  Roach x2  
  113  11:12  Roach x5  
  113  11:17  Nydus Canal  
  123  11:24  Roach  
  123  11:25  Roach x2  
  116  11:38  Roach x3  
  122  11:49  Roach  
  124  11:57  Nydus Canal  
  124  12:08  Roach x2  
  110  12:27  Roach x2  
  98  12:30  Queen  
  86  12:37  Roach, Queen x2  
  86  12:42  Queen  
  90  12:46  Nydus Canal  
  90  12:47  Roach  
  90  12:48  Roach x2  
  94  12:55  Roach  
  96  13:00  Roach x2  
  96  13:01  Nydus Canal  
  100  13:06  Queen  
  100  13:08  Roach  
  90  13:34  Roach  
  83  13:36  Roach x2  
  82  13:42  Roach x3  
  84  13:55  Roach  
  80  13:58  Queen  
  72  14:03  Hatchery  
  69  14:18  Roach x10  
  69  14:23  Spore Crawler  
  68  14:36  Roach x3  
  59  14:44  Roach  
Show
View Real Time Build Order
Export as new Build Order

TLO Zerg - Winner!

Build Orders: Hatch First 

Get SALT Encoding   

  12  0:00  Drone  
  13  0:12  Overlord  
  13  0:16  Drone  
  14  0:31  Drone x2  
  16  0:47  Hatchery  
  15  0:50  Drone  
  15  0:54  Drone  
  17  1:08  Spawning Pool  
  17  1:11  Drone  
  17  1:13  Extractor  
  17  1:15  Drone  
  17  1:19  Drone  
  18  1:27  Drone  
  20  1:40  Drone  
  20  1:49  Overlord  
  20  1:55  Queen  
  20  1:58  Queen  
  20  1:59  Drone  
  20  2:00  Drone  
  26  2:10  Drone x2  
  28  2:22  Drone  
  29  2:24  Drone  
  30  2:31  Queen  
  30  2:36  Hatchery  
  31  2:40  Overlord  
  31  2:43  Drone  
  32  2:50  Baneling Nest  
  31  2:51  Metabolic Boost  
  31  2:56  Zergling x4  
  33  2:59  Drone  
  33  3:01  Zergling x2  
  33  3:03  Drone  
  36  3:06  Zergling x2  
  36  3:09  Drone  
  36  3:10  Drone  
  39  3:14  Drone  
  39  3:17  Zergling x2  
  41  3:20  Drone  
  41  3:24  Drone  
  43  3:32  Zergling x2  
  43  3:33  Baneling x4, Extractor  
  43  3:36  Zergling x2  
  44  3:42  Overlord  
  44  3:48  Drone  
  45  3:49  Drone  
  45  3:53  Drone x3  
  48  3:56  Drone  
  48  3:58  Overlord  
  48  3:59  Extractor  
  48  4:01  Drone  
  48  4:02  Drone  
  50  4:04  Drone  
  50  4:08  Drone  
  53  4:10  Drone x2  
  53  4:11  Drone x2  
  53  4:14  Drone  
  53  4:16  Lair, Drone  
  58  4:18  Drone  
  58  4:21  Extractor  
  58  4:22  Drone  
  58  4:23  Drone  
  60  4:28  Evolution Chamber  
  60  4:30  Roach Warren  
  58  4:32  Drone  
  58  4:33  Drone  
  58  4:34  Baneling  
  58  4:35  Baneling  
  58  4:36  Zergling x2  
  58  4:38  Drone  
  61  4:40  Drone  
  61  4:42  Drone  
  61  4:44  Drone x2  
  64  4:47  Drone  
  64  4:49  Overlord  
  65  4:55  Overlord  
  65  4:57  Zerg Melee Weapons Level 1  
  65  5:02  Overlord  
  65  5:05  Extractor  
  65  5:06  Drone x2  
  65  5:08  Overlord  
  65  5:10  Drone, Extractor  
  65  5:12  Drone  
  66  5:17  Spire, Drone  
  66  5:18  Drone  
  66  5:19  Drone  
  68  5:22  Drone  
  68  5:23  Drone  
  68  5:26  Drone  
  68  5:27  Drone  
  72  5:29  Drone  
  72  5:31  Zergling x2  
  72  5:32  Drone x2  
  72  5:35  Baneling  
  75  5:36  Zergling x6, Baneling  
  75  5:37  Zergling x2  
  75  5:38  Zergling x2  
  75  5:39  Zergling x2  
  75  5:41  Zergling x2  
  82  5:49  Overlord  
  82  5:53  Zergling x4  
  84  5:59  Overlord  
  84  6:01  Overlord  
  84  6:05  Zergling x2  
  84  6:06  Zergling x2  
  84  6:07  Zergling x2  
  84  6:08  Hatchery  
  84  6:10  Zergling x2  
  84  6:11  Zergling x4  
  86  6:12  Overlord  
  85  6:18  Overlord  
  85  6:21  Overlord  
  83  6:27  Drone  
  84  6:33  Mutalisk x7  
  84  6:37  Mutalisk  
  99  6:40  Mutalisk  
  99  6:45  Mutalisk  
  100  6:48  Mutalisk x2  
  100  6:49  Mutalisk x2  
  100  6:50  Mutalisk  
  106  6:57  Zerg Flyer Weapons Level 1  
  106  6:58  Zergling x4  
  106  6:59  Zergling x2  
  106  7:00  Zergling x4  
  111  7:03  Zergling x6  
  111  7:07  Overlord  
  114  7:09  Infestation Pit  
  114  7:10  Drone  
  114  7:13  Overlord  
  114  7:17  Overlord  
  114  7:21  Drone  
  114  7:22  Overlord, Drone  
  116  7:25  Zergling x4  
  116  7:26  Zergling x4  
  116  7:27  Zergling x2  
  116  7:28  Zergling x2  
  116  7:29  Zergling x2  
  121  7:33  Mutalisk  
  118  7:39  Mutalisk x2  
  118  7:40  Mutalisk x2  
  118  7:42  Mutalisk  
  125  7:48  Mutalisk  
  117  7:51  Zergling x8  
  117  7:52  Zergling x4  
  117  7:53  Zergling x2  
  117  7:56  Zergling x2, Mutalisk  
  122  8:00  Mutalisk  
  122  8:05  Zergling x2  
  124  8:06  Zergling x2  
  124  8:07  Mutalisk  
  124  8:14  Zergling x4  
  124  8:17  Zergling x2  
  124  8:18  Zergling x2  
  126  8:21  Hive  
  126  8:23  Drone x5  
  126  8:25  Overseer  
  127  8:27  Mutalisk  
  127  8:29  Roach  
  127  8:30  Spore Crawler  
  127  8:31  Spore Crawler  
  127  8:32  Zergling x2  
  127  8:33  Zergling x2  
  127  8:34  Evolution Chamber  
  130  8:35  Zergling x4  
  130  8:36  Pneumatized Carapace  
  130  8:37  Zergling x2  
  133  8:44  Drone  
  133  8:46  Zergling x2  
  133  8:47  Zergling x4, Overseer  
  135  8:50  Evolution Chamber, Mutalisk  
  135  8:52  Drone  
  135  8:53  Zergling x2  
  135  8:54  Overlord  
  139  8:59  Zergling x12  
  146  9:05  Spine Crawler  
  146  9:07  Mutalisk x2  
  149  9:10  Zerg Ground Armor Level 1  
  149  9:12  Evolution Chamber  
  149  9:16  Mutalisk  
  147  9:17  Drone  
  147  9:19  Mutalisk  
  147  9:24  Zergling x6  
  155  9:26  Zergling x2  
  155  9:28  Evolution Chamber, Mutalisk  
  155  9:30  Mutalisk  
  158  9:31  Zergling x4  
  158  9:32  Zergling x2  
  158  9:34  Zergling x2  
  158  9:37  Zergling x2  
  147  9:40  Zergling x2  
  147  9:41  Drone  
  147  9:44  Drone  
  139  9:48  Mutalisk  
  139  9:51  Zergling x2  
  139  9:52  Ultralisk Cavern  
  133  9:53  Drone  
  133  9:54  Drone  
  133  9:56  Drone  
  133  9:58  Zergling x4  
  133  9:59  Zergling x2  
  134  10:07  Zerg Melee Weapons Level 2  
  134  10:09  Zergling x4  
  134  10:10  Mutalisk  
  134  10:11  Zergling x2  
  139  10:18  Mutalisk  
  139  10:20  Zergling x2  
  139  10:21  Zergling x2  
  143  10:22  Zergling x2, Baneling x2  
  143  10:24  Zergling x6  
  143  10:25  Spore Crawler  
  143  10:26  Zergling x2  
  143  10:27  Zergling x2  
  148  10:30  Drone  
  148  10:31  Drone  
  148  10:32  Zergling x2  
  148  10:33  Drone  
  142  10:51  Zergling x2  
  142  10:52  Drone x3  
  142  10:53  Drone  
  144  10:58  Drone x5  
  149  11:05  Zergling x2  
  149  11:06  Drone x2  
  149  11:08  Extractor  
  149  11:09  Zerg Ground Armor Level 2, Extractor  
  150  11:14  Zergling x2  
  151  11:19  Zergling x2  
  151  11:22  Ultralisk  
  152  11:32  Zergling x2  
  148  11:33  Zergling x4  
  148  11:36  Ultralisk  
  145  11:42  Ultralisk, Zergling x2  
  134  11:54  Ultralisk  
  134  11:55  Zergling x4  
  134  11:58  Zergling x2  
  134  11:59  Zergling x2  
  134  12:00  Zergling x2  
  140  12:04  Zergling x6  
  140  12:05  Zergling x4  
  140  12:07  Zergling x2  
  127  12:09  Zergling x2  
  127  12:11  Zergling x2  
  127  12:15  Zergling x2  
  118  12:16  Zergling x2  
  118  12:19  Zergling x2  
  118  12:21  Zergling x2  
  118  12:22  Zergling x2  
  110  12:24  Zergling x2  
  110  12:27  Zergling x2  
  110  12:29  Zergling x2  
  87  12:30  Zergling x2  
  87  12:35  Zergling x2  
  87  12:36  Drone x3  
  83  12:42  Drone x2  
  83  12:43  Drone  
  83  12:44  Drone  
  87  12:52  Spire  
  87  12:54  Zergling x4  
  87  12:55  Zergling x2  
  87  12:56  Zergling x2  
  90  13:00  Zergling x2  
  90  13:07  Zergling x2  
  83  13:15  Zergling x2  
  76  13:20  Zergling x4  
  76  13:22  Zergling x4  
  76  13:23  Zergling x2  
  76  13:26  Zergling x8  
  76  13:31  Zergling x4  
  76  13:32  Zergling x4  
  76  13:42  Zergling x6  
  75  13:55  Zergling x2  
  64  13:56  Drone  
  64  14:00  Zergling x2  
  64  14:01  Drone  
  67  14:07  Drone  
  68  14:10  Drone x2  
  68  14:14  Drone x2  
  72  14:18  Drone  
  72  14:19  Drone  
  74  14:28  Drone  
  74  14:31  Mutalisk  
  73  14:32  Mutalisk  
Tags
 
Add a new tag
Caveats
  • Supply blocks, unpowered buildings, or Contaminate may cause inaccurate times.
  • Supply counts are checked every 10 seconds.